 Dungeon Crawl Stone Soup version 0.30-b1-2-g02819fbbbe (webtiles) character file.

Game seed: 8228923203231767030

9 Alarkh the Grasshopper (level 2, 22/22 HPs)
             Began as a Demonspawn Warper on May 25, 2023.
             Got out of the dungeon alive.
             The game lasted 00:00:26 (384 turns).

Alarkh the Grasshopper (Demonspawn Warper)           Turns: 384, Time: 00:00:27

Health: 22/22      AC:  3    Str: 11    XL:     2   Next: 3%
Magic:  5/5        EV: 11    Int: 14    God:
Gold:   0          SH:  4    Dex: 12    Spells: 5/5 levels left

rFire   . .          .
                       - Unarmed
rCold   . . .        (no shield)
rNeg    . . .        a - +0 leather armour
rPois   .            (no helmet)
rElec   .            (no cloak)
rCorr   .            (no gloves)
SInv    .            (no boots)
Will    .....        (no amulet)
Stlth   +            (no ring)
HPRegen 0.23/turn    (no ring)
MPRegen 0.09/turn

%: no passive effects
@: no status effects
A: condensation shield
a: no special abilities


You escaped.
You visited 1 branch of the dungeon, and saw 1 of its levels.

Inventory:

Hand Weapons
 g - a +2 dagger of draining
Missiles
 c - 7 boomerangs of dispersal (quivered)
Armour
 a - a +0 leather armour (worn)
Scrolls
 b - a scroll of blinking
 f - a scroll of noise {unknown}
Potions
 d - 3 potions of curing {unknown}
 e - a potion of resistance {unknown}


   Skills:
 - Level 2.0 Fighting
 - Level 0.8 Throwing
 - Level 0.8 Armour
 - Level 1.7 Dodging
 + Level 2.5 Unarmed Combat
 - Level 2.0 Spellcasting
 - Level 2.6 Translocations


You had 5 spell levels left.
You didn't know any spells.
Your spell library contained the following spells:

 Spells                   Type           Power      Damage    Failure   Level
 Blink                    Tloc           16%        N/A       16%         2
 Lesser Beckoning         Tloc           16%        N/A       16%         2
 Teleport Other           Tloc           8%         N/A       30%         3
 Portal Projectile        Hex/Tloc       10%        N/A       47%         3
 Vhi's Electric Charge    Tloc/Air       10%        N/A       47%         3
 Tukima's Dance           Hex            1%         N/A       67%         3
 Manifold Assault         Tloc           8%         N/A       71%         4
 Blade Hands              Tmut           0%         N/A       100%        5


Dungeon Overview and Level Annotations

Branches:
Dungeon (1/15)

Altars:


Innate Abilities, Weirdness & Mutations

A meltable shield of frost defends you. (SH +4)


Message History

e - a fizzy golden potion A ball python comes into view.
The ball python hisses angrily.
A ball python is nearby!
You closely miss the ball python.
The ball python bites you but does no damage.
The ball python grabs you. The ball python constricts you.
You closely miss the ball python. The ball python barely misses you.
The ball python constricts you.
You hit the ball python.
You kill the ball python!
No target in view!
No target in view!
No target in view!
No target in view!
No target in view!
No target in view!
No target in view!
f - a scroll labelled CEIFANA FAUSIS A hobgoblin and a kobold come into view.
The kobold is wielding a +2 dagger of draining.
The hobgoblin shouts!
The kobold shouts!
The hobgoblin moves out of view.
A kobold is nearby!
You hit the kobold.
You kill the kobold!
You see here a +2 dagger of draining.
The hobgoblin barely misses you.
You hit the hobgoblin.
You kill the hobgoblin!
You have reached level 2!
Your demonic ancestry asserts itself...
Frost condenses into a shield before you.
You see here a +2 dagger of draining.
g - a +2 dagger of draining You see here a quokka corpse.
There is a large open door here.
There is a staircase leading out of the dungeon here.
Are you sure you want to leave the Dungeon?
This will make you lose the game!
You have escaped!

### ##### ###
##.####.~.######@#
#.≈.##.≈.~.#P.~#.#
.≈~~..~~~~≈..~..P#
~≈≈≈~~≈≈≈≈~≈~≈~.~#
~≈~≈≈≈~~~~~~≈≈≈~~#
~P~≈≈≈~P~P~~≈≈≈~~#
.~P≈≈≈P~~PP~≈~≈~≈#
≈.≈~≈≈~≈PPP≈~~P~P#
##################


There were no monsters in sight!

Vanquished Creatures
  An endoplasm (D:1)
  2 hobgoblins (D:1)
  2 quokkas (D:1)
  A ball python (D:1)
  A kobold (D:1)
  A rat (D:1)
8 creatures vanquished.

Notes
Turn   | Place    | Note
-------+----------+-------------------------------------------
     0 | D:1      | Alarkh the Demonspawn Warper began the quest for the Orb.
     0 | D:1      | Reached XP level 1. HP: 16/16 MP: 3/3
    85 | D:1      | Found a faded altar of an unknown god.
   302 | D:1      | Gained mutation: A meltable shield of frost defends you.
                  | (SH +4) [demonic ancestry]
   302 | D:1      | Reached XP level 2. HP: 22/22 MP: 5/5
   384 | D:$      | Got out of the dungeon alive.

Illustrated notes

Levels and vault maps discovered:
D:1:      lightli_arrival_windingriver, layout_loops_cross,
          basic_ecumenical_altar, minivault_27

Skill      XL: |  1 |
---------------+----+-----
Unarmed Combat | 2 |  2.5
Fighting       | |  2.0
Throwing       | |  0.8
Armour         | |  0.8
Dodging        | |  1.7
Spellcasting   | |  2.0
Translocations | |  2.6

Action                     || total
---------------------------++-------
  Melee: Unarmed           ||    26
         Punch             ||     1
 Armour: Leather armour    ||     2
  Dodge: Dodged            ||    11
